 Dungeon Crawl Stone Soup version 0.30-a0-1157-g2cc9ac7196 (webtiles) character file.

Game seed: 18142450814442940620

5611 mandoloar the Martial Artist (level 10, -15/85 HPs)
             Began as an Octopode Transmuter on Apr 24, 2023.
             Was a Believer of Cheibriados.
             Demolished by a two-headed ogre
             ... wielding a +0 giant club
              (27 damage)
             ... on level 8 of the Dungeon on Apr 25, 2023.
             The game lasted 00:35:06 (14098 turns).

mandoloar the Martial Artist (Octopode Transmuter) Turns: 14098, Time: 00:35:07

Health: -15/85     AC:  8    Str: 16    XL:     10   Next: 73%
Magic:  18/19      EV: 14    Int: 25    God:    Cheibriados [**....]
Gold:   557        SH:  5    Dex: 19    Spells: 14/21 levels left

rFire   x . .        a - melded +0 demon whip
rCold   + + +        (shield currently unavailable)
rNeg    . . .        (helmet currently unavailable)
rPois   +            d - amulet of reflection
rElec   .            p - ring of see invisible
rCorr   .            w - ring of protection from cold
SInv    +            (no ring)
Will    .....        (no ring)
Stlth   ++++         (no ring)
HPRegen 0.34/turn    (no ring)
MPRegen 0.16/turn    (no ring)
                     (no ring)

%: reflection
@: ice-form, wereblooded, very slow
A: freezing attack, boosted hp, almost no armour, amphibious, 8 rings, large,
(camouflage 1), (gelatinous body 1), (nimble swimmer 1), (tentacles)
a: End Transformation, Renounce Religion, Bend Time


You were on level 8 of the Dungeon.
You worshipped Cheibriados.
Cheibriados was pleased with you.
You were a creature of crystalline ice.
You visited 2 branches of the dungeon, and saw 9 of its levels.
You also visited: Sewer.

You collected 557 gold pieces.

Inventory:

Hand Weapons
 a - a +0 demon whip (melded)
 b - a +1 longbow
Missiles
 j - 67 stones
 k - 33 poisoned darts
 l - 8 boomerangs
 o - 3 throwing nets
 u - 3 silver boomerangs
 B - a curare-tipped dart
Armour
 r - a +0 buckler
Jewellery
 d - an amulet of reflection (around neck)
 p - a ring of see invisible (left front paw)
 w - a ring of protection from cold (right front paw)
Wands
 q - a wand of paralysis (9)
 v - a wand of acid (11)
Scrolls
 f - a scroll of vulnerability
 g - a scroll of amnesia
 i - 2 scrolls of identify
 n - a scroll of magic mapping
 s - 3 scrolls of teleportation
 t - a scroll of fog
 y - 3 scrolls of acquirement {unknown}
 z - a scroll of immolation {unknown}
 A - a scroll of brand weapon {unknown}
Potions
 c - a potion of mutation
 e - a potion of attraction
 h - 3 potions of heal wounds
 m - 2 potions of brilliance
 x - a potion of ambrosia {unknown}


   Skills:
 + Level 7.5 Fighting
 + Level 7.9 Dodging
 - Level 7.0 Stealth
 + Level 8.2 Unarmed Combat
 + Level 6.1 Spellcasting
 + Level 6.6 Transmutations
 + Level 3.2 Ice Magic
 + Level 3.6 Invocations


You had 14 spell levels left.
You knew the following spells:

 Your Spells              Type           Power      Damage    Failure   Level
a - Beastly Appendage     Tmut           82%        N/A       1%          1
b - Wereblood             Tmut           41%        N/A       1%          2
c - Ice Form              Ice/Tmut       32%        N/A       10%         4

Your spell library contained the following spells:

 Spells                   Type           Power      Damage    Failure   Level
 Spider Form              Tmut/Pois      24%        N/A       5%          3
 Lesser Beckoning         Tloc           14%        N/A       11%         2
 Static Discharge         Conj/Air       14%        2-3/arc   11%         2
 Gell's Gravitas          Tloc           7%         N/A       22%         3
 Teleport Other           Tloc           7%         N/A       22%         3
 Airstrike                Air            3%         2d(1-17)  58%         4
 Summon Lightning Spire   Summ/Air       7%         N/A       58%         4


Dungeon Overview and Level Annotations

Branches:
Dungeon (8/15)             Temple (1/1) D:5           Sewer (visited)
   Lair: D:8-11

Altars:
Cheibriados
Dithmenos
Elyvilon
Fedhas
Gozag
Hepliaklqana
Kikubaaqudgha
Makhleb
Nemelex Xobeh
Okawaru
Qazlal
Sif Muna
Trog
Uskayaw
Vehumet
Wu Jian
Xom
Yredelemnul
Zin
The Shining One

Shops:
D:3 [

Annotations:
D:8 Erica


Innate Abilities, Weirdness & Mutations

You are a creature of crystalline ice.
You have a powerful freezing melee attack.
Your maximum health is increased.
Your armour is entirely melded.
You are incapable of wielding weapons or throwing items.
You cannot wear most types of armour.
You are amphibious.
You can wear up to eight rings at the same time.
((Your skin changes colour to match your surroundings (Stealth+).))
((Your rubbery body absorbs attacks. (AC +1, EV +1)))
((You are camouflaged when in or above water. (Stealth+)))
((You have tentacles for arms and can constrict up to eight enemies at once.))


Message History

The orc warrior shoots a bolt.
The bolt hits you.
The orc warrior shoots a bolt.
The bolt hits you!
Things that are here:
a +0 dagger; a +0 robe; an orc corpse
Casting: Ice Form (dangerous; 10% risk of failure)
Confirm with . or Enter, or press ? or * to list all spells.
Your blood is infused with primal strength.
You hit the two-headed ogre. You freeze the two-headed ogre.
The two-headed ogre is lightly wounded.
The two-headed ogre hits you with a +0 giant club!!
You block the two-headed ogre's attack.
The orc shouts!
You punch the two-headed ogre! You freeze the two-headed ogre.
The two-headed ogre is moderately wounded.
The two-headed ogre hits you with a +0 giant club!
You block the two-headed ogre's attack.
You hit the two-headed ogre. You freeze the two-headed ogre.
The two-headed ogre is moderately wounded.
You hit the two-headed ogre. You freeze the two-headed ogre.
The two-headed ogre is heavily wounded.
The two-headed ogre hits you with a +0 giant club!!
* * * LOW HITPOINT WARNING * * *
You block the two-headed ogre's attack.
Aiming: Corrosive Bolt
Press: ? - help, Shift-Dir - straight line, f/p - orc warrior
Aim: an orc warrior, wielding a +0 arbalest and wearing a +0 plate armour (moderately wounded, 71% to hit)
The bolt of acid hits the two-headed ogre!
The two-headed ogre is severely wounded.
The bolt of acid misses the orc warrior.
Aiming: Corrosive Bolt
Press: ? - help, Shift-Dir - straight line, f - two-headed ogre, p - orc warrior
Aim: a two-headed ogre, wielding two +0 giant clubs (severely wounded, 86% to hit)
The bolt of acid hits the two-headed ogre!
The acid corrodes the two-headed ogre!
The two-headed ogre is almost dead.
The bolt of acid misses the orc warrior.
The two-headed ogre hits you with a +0 giant club.
* * * LOW HITPOINT WARNING * * *
The two-headed ogre hits you with a +0 giant club!!
You die...

.........### ......
..######...####.....
###......# ####<###
#..# ##.# #.##
#.....# #..# .....(#
##Y# O..:..# #O##
....... #oo# .......
##o### ...o...
#...##o......
#..#).o#
#.####.....(.. #..
####..... #.# #...


You could see a two-headed ogre (corroded), an orc warrior and 2 orcs.

Vanquished Creatures
  A two-headed ogre (D:7)
  2 slime creatures (D:6)
  A water moccasin (D:7)
  2 sky beasts
  A black bear (D:5)
  2 centaurs
  6 kobold brigands
  A gnoll sergeant (D:5)
  A bullfrog (D:7)
  4 scorpions
  3 wights (D:7)
  3 killer bees (D:7)
  2 orc priests
  4 hounds
  8 jellies
  A gnoll bouda (D:8)
  4 iguanas
  A sleepcap (D:6)
  8 orc wizards
  Natasha (thrice) (D:2)
  12 gnolls
  8 adders
  A river rat (D:4)
  4 ufetubi
  2 worms
  2 dart slugs
  22 orcs
  6 ball pythons
  4 bats
  10 endoplasms
  4 giant cockroaches (D:4)
  15 goblins
  9 hobgoblins
  6 jackals
  33 kobolds
  5 quokkas
  7 frilled lizards
  4 rats
212 creatures vanquished.

Vanquished Creatures (others)
  3 plants
  10 toadstools (D:6)
13 creatures vanquished.

Grand Total: 225 creatures vanquished

Notes
Turn   | Place    | Note
-------+----------+-------------------------------------------
     0 | D:1      | mandoloar the Octopode Transmuter began the quest for the
                  | Orb.
     0 | D:1      | Reached XP level 1. HP: 13/13 MP: 3/3
   325 | D:1      | Reached skill level 1 in Stealth
   325 | D:1      | Reached XP level 2. HP: 14/18 MP: 5/5
   374 | D:1      | Learned a level 2 spell: Wereblood
  1588 | D:2      | Reached XP level 3. HP: 23/23 MP: 2/6
  1652 | D:2      | Noticed Natasha
  1656 | D:2      | Killed Natasha
  1824 | D:2      | Reached XP level 4. HP: 26/29 MP: 3/7
  1831 | D:2      | Learned a level 4 spell: Ice Form
  2413 | D:2      | Noticed Natasha
  3285 | D:3      | Found Ysoo's Antique Armour Emporium.
  3411 | D:3      | Reached XP level 5. HP: 35/35 MP: 4/8
  3797 | D:3      | Found a hide-covered altar of Uskayaw.
  4584 | D:4      | Reached skill level 4 in Unarmed Combat
  4609 | D:4      | Reached XP level 6. HP: 8/42 MP: 5/9
  4862 | D:4      | Found a glowing drain.
  4866 | Sewer    | Entered a sewer
  5877 | D:4      | Found an ancient bone altar of Kikubaaqudgha.
  6560 | D:5      | Entered Level 5 of the Dungeon
  6575 | D:5      | Reached skill level 5 in Stealth
  6575 | D:5      | Reached XP level 7. HP: 12/46 MP: 4/10
  7722 | D:5      | Found a staircase to the Ecumenical Temple.
  7731 | Temple   | Entered the Ecumenical Temple
  7746 | Temple   | Became a worshipper of Cheibriados the Contemplative
  8048 | D:5      | Reached skill level 5 in Unarmed Combat
  8428 | D:5      | HP: 2/72 [gnoll sergeant/+0 trident (8)]
  8448 | D:5      | Reached XP level 8. HP: 30/54 MP: 8/11
  8694 | D:5      | Reached skill level 1 in Ice Magic
  8694 | D:5      | Reached skill level 1 in Invocations
  9707 | D:5      | Reached * piety under Cheibriados
 10779 | D:6      | Reached skill level 5 in Dodging
 10930 | D:6      | Noticed a slime creature
 10930 | D:6      | Noticed a slime creature
 10930 | D:6      | Noticed a slime creature
 11211 | D:6      | Reached XP level 9. HP: 59/59 MP: 7/13
 11268 | D:6      | You fall into a shaft and drop 1 floor!
 11287 | D:7      | Reached skill level 7 in Unarmed Combat
 11287 | D:7      | Reached skill level 5 in Spellcasting
 11287 | D:7      | Reached XP level 10. HP: 71/71 MP: 7/18
 12184 | D:2      | Killed Natasha
 12208 | D:2      | Noticed Natasha
 12216 | D:2      | Killed Natasha
 12466 | D:6      | Reached skill level 8 in Unarmed Combat
 12470 | D:6      | Reached ** piety under Cheibriados
 12834 | D:7      | Noticed a two-headed ogre
 12845 | D:7      | Killed a two-headed ogre
 13043 | D:7      | Found a stormy altar of Qazlal.
 13221 | D:7      | Found a shimmering blue altar of Sif Muna.
 13394 | D:7      | Found a burning altar of Makhleb.
 13625 | D:8      | Noticed Erica
 13659 | D:8      | Found a radiant altar of Vehumet.
 13659 | D:8      | Found a basalt altar of Yredelemnul.
 13659 | D:8      | Found a sparkling altar of Nemelex Xobeh.
 13662 | D:8      | Found a glowing golden altar of the Shining One.
 13928 | D:8      | Found a blossoming altar of Fedhas.
 14084 | D:8      | Noticed a two-headed ogre
 14098 | D:8      | Demolished by a two-headed ogre

Illustrated notes

Levels and vault maps discovered:
D:1:      reono_arrival_mine, layout_basic, chequers_serial_rivers_room_a,
          minmay_fountain_box
D:2:      layout_loops_corners, wander_ebering_terrifying_dragon_lair,
          uniq_natasha
D:3:      cheibrodos_greedy_goblins, layout_basic, nicolae_uskayaw_suspiria,
          serial_shops, nicolae_shop_just_a_little_nook
D:4:      layout_cave_pools, amcnicky_altar_gilded, gup_sewer_entry_spiral,
          minmay_hedge_maze, minmay_misc_feat_more_columns
D:5:      layout_rooms, minmay_temple_entry_antechambers, serial_rivers,
          chequers_serial_rivers_room_b, chequers_serial_rivers_micro_b,
          chequers_serial_rivers_room_b, chequers_serial_rivers_room_b,
          hangedman_minor_gate_pass
D:6:      cheibrodos_fertilizer, layout_loops_ring, minmay_misc_feat_encased
D:7:      layout_rooms, kennysheep_mini_moat, nicolae_qazlal_scattered_showers,
          marbit_many_paths, kennysheep_generic_room_16
D:8:      layout_cave_pods, nicolae_overflow_hallway_of_the_gods,
          erik_lair_orcish_takeover, minmay_pinched_square, uniq_prince_ribbit1,
          uniq_amaemon, uniq_erica, uniq_pikel
Temple:   nicolae_temple_two_arcs

Skill      XL: |  1  2  3  4  5  6  7  8  9 10 |
---------------+-------------------------------+-----
Stealth        | 1 2 3 4 5 6 7 |  7.0
Fighting       | 2 3 4 7 |  7.5
Dodging        | 3 4 5 7 |  7.9
Unarmed Combat | 4 5 7 8 |  8.2
Ice Magic      | 2 3 |  3.2
Invocations    | 2 3 |  3.6
Transmutations | 3 6 |  6.6
Spellcasting   | 3 5 6 |  6.1

Action                     |  1- 3 |  4- 6 |  7- 9 | 10-12 || total
---------------------------+-------+-------+-------+-------++-------
  Melee: Unarmed           |     5 |     2 |    56 |    98 ||   161
         Constrict         |    11 |    39 |    31 |       ||    81
         Tentacles         |     6 |    24 |    33 |       ||    63
         Dagger            |     6 |       |       |       ||     6
         Short sword       |    13 |   122 |       |       ||   135
         Kick              |     3 |    38 |    43 |     1 ||    85
         Flail             |       |    41 |    93 |       ||   134
         Punch             |       |     1 |     6 |       ||     7
         Demon whip        |       |       |    14 |     2 ||    16
   Fire: Longbow           |    22 |    35 |    30 |       ||    87
  Throw: Stone             |       |     3 |       |       ||     3
   Cast: Beastly Appendage |     5 |    27 |    31 |     2 ||    65
         Wereblood         |     2 |    28 |    29 |     8 ||    67
         Ice Form          |       |       |     3 |    19 ||    22
  Evoke: Wand              |       |       |       |     5 ||     5
    Use: Scroll            |     4 |     5 |     8 |     1 ||    18
         Potion            |       |     1 |     3 |     1 ||     5
   Stab: Sleeping          |     2 |     9 |     2 |     2 ||    15
 Armour: Skin              |     1 |    28 |    21 |    21 ||    71
  Dodge: Dodged            |     8 |   108 |   100 |    60 ||   276
  Block: Other             |     4 |    32 |    45 |    19 ||   100
         Reflection        |       |     2 |     2 |     1 ||     5

Table legend: (Time is in decaauts)
 A = Elapsed time spent in this place.
 B = Non-inter-level travel time spent in this place.
 C = Inter-level travel time spent in this place.
 D = Time resting spent in this place.
 E = Time spent auto-exploring this place.
 F = Levels seen in this place.
 G = Mean time per level.
                   A        B        C        D        E       F      G
               +--------+--------+--------+--------+--------+-----+--------+
         Total |  15462 |  13738 |   1724 |   4934 |   6431 |  10 | 1546.2 |
       Dungeon |  14793 |  13087 |   1706 |   4814 |   6091 |   8 | 1849.1 |
        Temple |    139 |    121 |     18 |      0 |    103 |   1 |  139.0 |
         Sewer |    530 |    530 |      0 |    119 |    237 |   1 |  530.0 |
               +--------+--------+--------+--------+--------+-----+--------+

Top non-repeatable levels by time:
     D:6: 3127 daAuts
     D:2: 2653 daAuts
     D:4: 2650 daAuts
     D:5: 1967 daAuts
     D:3: 1534 daAuts
     D:7: 1308 daAuts
     D:1: 1019 daAuts
     D:8: 534 daAuts
   Sewer: 530 daAuts
  Temple: 139 daAuts
